[Event "44th BAN-ch OMICON 2018"]
[Site "Dhaka"]
[Date "2018.11.30"]
[Round "7"]
[White "Hossain, Showkat Pollab"]
[Black "Abu Sufian, Shakil"]
[Result "0-1"]
[ECO "B13"]
[WhiteElo "2119"]
[BlackElo "2230"]
[Annotator "RC"]
[PlyCount "149"]
[EventDate "2018.11.24"]
[EventType "swiss"]
[EventCountry "BAN"]
[SourceTitle "playchess.com"]
[Source "ChessBase"]
[SourceQuality "1"]
[TimeControl "40/5400+30:1800+30"]

1. e4 c6 2. d4 d5 3. exd5 cxd5 4. Bd3 Nc6 5. c3 Qc7 6. h3 e6 7. Nd2 Nge7 8. Ndf3 Ng6 9. Ne2 Bd6 10. Be3 Bd7 11. Qd2 O-O-O 12. h4 f6 13. Qc2 Nge7 14. Qd2 e5 15. dxe5 fxe5 16. Bc2 h6 17. a3 Kb8 18. Bb3 Be6 19. Qd1 Na5 20. Ba2 Nc4 21. Bc1 Rhf8 22. b3 Na5 23. Bb2 Bg4 24. Nh2 Bh5 25. Qd2 Qb6 26. Nc1 Rf7 27. Qe3 Qxe3+ 28. fxe3 Rdf8 29. g4 Bg6 30. Rf1 e4 31. Rxf7 Bg3+ 32. Kf1 Rxf7+ 33. Kg2 Bxh2 34. c4 Bd6 35. Ne2 Nac6 36. Rd1 Ne5 37. Bxe5 Bxe5 38. cxd5 Nc8 39. h5 Bh7 40. Nf4 Bxf4 41. Rf1 Bg8 42. exf4 Rd7 43. Kf2 Rxd5 44. Bb1 Nd6 45. Ke3 Ra5 46. Rd1 Kc7 47. Rc1+ Kd7 48. Rc3 Rxa3 49. Bc2 Nb5 50. Rc5 Bxb3 51. Bxb3 Rxb3+ 52. Kxe4 Nd6+ 53. Kd4 Rb4+ 54. Ke3 Rb5 55. Rc1 a5 56. Rg1 a4 57. g5 hxg5 58. fxg5 a3 59. h6 gxh6 60. gxh6 Nf5+ 61. Kd3 Nxh6 62. Kc4 Ra5 63. Kb4 Ra6 64. Kb3 a2 65. Ra1 Nf5 66. Kb2 Nd6 67. Kb3 Kc6 68. Kb4 Kb6 69. Kb3 Kb5 70. Kc3 Ra3+ 71. Kc2 Kb4 72. Kb2 Nc4+ 73. Kc2 Rc3+ 74. Kd1 Kb3 75. Ke1 0-1

[Event "44th BAN-ch OMICON 2018"]
[Site "Dhaka"]
[Date "2018.11.30"]
[Round "7"]
[White "Saiful Islam, Chowdhury"]
[Black "Mehdi Hasan Parag"]
[Result "0-1"]
[ECO "B19"]
[WhiteElo "2110"]
[BlackElo "2218"]
[Annotator "RC"]
[PlyCount "124"]
[EventDate "2018.11.24"]
[EventType "swiss"]
[EventCountry "BAN"]
[SourceTitle "playchess.com"]
[Source "ChessBase"]
[SourceQuality "1"]
[TimeControl "40/5400+30:1800+30"]

1. e4 c6 2. d4 d5 3. Nd2 dxe4 4. Nxe4 Bf5 5. Ng3 Bg6 6. Nf3 e6 7. h4 h6 8. h5 Bh7 9. Bd3 Bxd3 10. Qxd3 Nf6 11. Bd2 c5 12. O-O-O Nc6 13. Bc3 Qd5 14. Qb5 c4 15. a4 Qxb5 16. axb5 Nb4 17. Bxb4 Bxb4 18. c3 Be7 19. Nd2 Rc8 20. Kc2 Ng4 21. Rhf1 Bd6 22. Nge4 Bb8 23. Rde1 O-O 24. f3 Nf6 25. Nxf6+ gxf6 26. g4 Rfd8 27. Ne4 Kg7 28. f4 Rd5 29. g5 fxg5 30. fxg5 Rf5 31. gxh6+ Kxh6 32. Rxf5 exf5 33. Nf6 Kg5 34. Re8 Rxe8 35. Nxe8 Kxh5 36. d5 Bg3 37. d6 Bh4 38. d7 Kg4 39. Nd6 f4 40. Kd2 Kh3 41. Nf5 Bd8 42. Ke2 Kg2 43. Nd4 Bb6 44. Nf3 Bd8 45. Ne1+ Kg3 46. Nf3 Bb6 47. Ne5 Kg2 48. Nxc4 f3+ 49. Kd3 f2 50. Nd2 f5 51. c4 f1=Q+ 52. Nxf1 Kxf1 53. c5 Bc7 54. Ke3 Ke1 55. c6 bxc6 56. bxc6 a5 57. b3 f4+ 58. Ke4 Kd2 59. d8=Q+ Bxd8 60. Kxf4 Kc3 61. Ke5 Kxb3 62. Kd6 a4 0-1

[Event "44th BAN-ch OMICON 2018"]
[Site "Dhaka"]
[Date "2018.11.30"]
[Round "7"]
[White "Ghosh, Chanchal Kumer"]
[Black "Md., Sharif Hossain"]
[Result "0-1"]
[ECO "B33"]
[WhiteElo "2069"]
[BlackElo "2198"]
[Annotator "RC"]
[PlyCount "77"]
[EventDate "2018.11.24"]
[EventType "swiss"]
[EventCountry "BAN"]
[SourceTitle "playchess.com"]
[Source "ChessBase"]
[SourceQuality "1"]
[TimeControl "40/5400+30:1800+30"]

1. e4 c5 2. Nf3 Nc6 3. d4 cxd4 4. Nxd4 Nf6 5. Nc3 e5 6. Ndb5 d6 7. Bg5 a6 8. Na3 b5 9. Nd5 Be7 10. Bxf6 Bxf6 11. c3 Bg5 12. Nc2 O-O 13. Be2 Kh8 14. O-O f5 15. exf5 Bxf5 16. a4 bxa4 17. Rxa4 a5 18. Bg4 Bg6 19. Bh5 Bf5 20. Nce3 g6 21. Bf3 Rb8 22. Nc4 Rb5 23. Nde3 e4 24. Nxd6 exf3 25. Nxb5 Bd3 26. Nd4 Bxf1 27. Qxf1 Bxe3 28. fxe3 f2+ 29. Kh1 Ne5 30. Ra1 Qb8 31. h3 Qxb2 32. Rd1 Rf6 33. c4 a4 34. c5 a3 35. c6 Nxc6 36. Qa6 a2 37. Qa8+ Kg7 38. Nf3 Qb1 39. Kh2 0-1

[Event "44th BAN-ch OMICON 2018"]
[Site "Dhaka"]
[Date "2018.11.30"]
[Round "7"]
[White "Md, Sariatullah"]
[Black "Nayem, Haque"]
[Result "1/2-1/2"]
[ECO "C10"]
[WhiteElo "2027"]
[BlackElo "2074"]
[Annotator "NA"]
[PlyCount "57"]
[EventDate "2018.11.24"]
[EventType "swiss"]
[EventCountry "BAN"]
[SourceTitle "playchess.com"]
[Source "ChessBase"]
[SourceQuality "1"]
[TimeControl "40/5400+30:1800+30"]

1. e4 e6 2. Nf3 d5 3. Nc3 dxe4 4. Nxe4 Be7 5. d4 Nf6 6. Bd3 Bd7 7. O-O {[%emt 0:00:30] C10: French with 3 Nc3: Unusual Black 3rd moves and 3...dxe4} Bc6 8. Nxf6+ (8. Ng3 Nbd7 9. Qe2 O-O 10. Ne5 Nxe5 11. dxe5 Qd5 12. f4 Nd7 13. Rd1 Qa5 14. c3 Ba4 15. Re1 Rfd8 16. Kh1 Nf8 17. Be3 c5 {1-0 (30) Adams,M (2723)-Kortschnoj,V (2632) Enghien les Bains 2003}) 8... Bxf6 9. c3 O-O 10. Bf4 Nd7 11. Qc2 Bxf3 $146 ({Predecessor:} 11... g6 12. Rae1 Re8 13. Ne5 Nxe5 14. Bxe5 Bxe5 15. Rxe5 {0-1 (47) King,A-Batchilo,E Bratislava 1993}) 12. Bxh7+ Kh8 13. gxf3 {[%emt 0:00:30] [#]} Bg5 (13... g6 $1 $19 14. Bxg6 Rg8 {[%mdl 64] Pin}) 14. Bg3 f5 15. f4 Bxf4 (15... Kxh7 $11 16. fxg5 Qxg5) 16. Bxf4 g5 17. Bg3 Kxh7 18. Rfe1 Rf6 19. Be5 Nxe5 20. Rxe5 Qg8 $16 21. Rae1 Qg6 22. Kh1 Qh5 23. Rxe6 Qf3+ 24. Kg1 Qg4+ 25. Kh1 Qf3+ 26. Kg1 Qg4+ 27. Kh1 Qf3+ 28. Kg1 Qg4+ 29. Kh1 1/2-1/2

[Event "44th BAN-ch OMICON 2018"]
[Site "Dhaka"]
[Date "2018.11.30"]
[Round "7"]
[White "Zia, Tahsin Tajwar"]
[Black "Mohammad Minhaz Uddin"]
[Result "0-1"]
[ECO "A07"]
[WhiteElo "1803"]
[BlackElo "2290"]
[Annotator "RC"]
[PlyCount "70"]
[EventDate "2018.11.24"]
[EventType "swiss"]
[EventCountry "BAN"]
[SourceTitle "playchess.com"]
[Source "ChessBase"]
[SourceQuality "1"]
[TimeControl "40/5400+30:1800+30"]

1. Nf3 Nf6 2. g3 d5 3. Bg2 Bg4 4. O-O Nbd7 5. d3 e5 6. Qe1 Bc5 7. h3 Bh5 8. e4 dxe4 9. dxe4 c6 10. a4 O-O 11. Bd2 a6 12. a5 Bxf3 13. Bxf3 Qe7 14. Na3 Rfd8 15. Nc4 Qe6 16. Ne3 Qxh3 17. Qe2 Nf8 18. Nf5 Ne6 19. c3 g6 20. Bg2 Qh5 21. Bf3 Rxd2 22. Bxh5 Rxe2 23. Bxe2 gxf5 24. exf5 Ng7 25. g4 h5 26. Ra4 hxg4 27. Bxg4 e4 28. Rc4 Bxf2+ 29. Kxf2 Nxg4+ 30. Ke2 Nf6 31. Rb4 Rb8 32. c4 Kf8 33. Ke3 Ke7 34. Kd4 Nge8 35. Rb3 Nd6 0-1

[Event "44th BAN-ch OMICON 2018"]
[Site "Dhaka"]
[Date "2018.12.01"]
[Round "8"]
[White "Mohammad Fahad, Rahman"]
[Black "Ghosh, Chanchal Kumer"]
[Result "1-0"]
[ECO "B01"]
[WhiteElo "2381"]
[BlackElo "2069"]
[Annotator "NA"]
[PlyCount "107"]
[EventDate "2018.11.24"]
[EventType "swiss"]
[EventCountry "BAN"]
[SourceTitle "playchess.com"]
[Source "ChessBase"]
[SourceQuality "1"]
[TimeControl "40/5400+30:1800+30"]

1. e4 d5 2. exd5 Nf6 3. d4 Nxd5 4. Nf3 Bf5 5. Bd3 Bxd3 6. Qxd3 e6 7. O-O {[%emt 0:00:10] B01: Scandinavian Defence} Nd7 (7... Nc6 8. c4 Nb6 9. Nc3 Be7 10. Bf4 g5 11. Bg3 g4 12. Ne5 Nxd4 13. c5 Bxc5 14. Rad1 O-O {1-0 (25) Topalov,V (2801)-Kamsky,G (2686) Wijk aan Zee 2006}) 8. c4 N5f6 9. Nc3 Be7 10. Re1 O-O 11. Bg5 c6 12. Rad1 Re8 13. d5 $146 ({Predecessor:} 13. a3 h6 14. Bh4 Qa5 {1-0 (55) Golubev,M (2527)-Krivoshey,S (2501) playchess.com INT 2004}) 13... cxd5 (13... exd5 $11 {remains equal.} 14. cxd5 Bb4) 14. cxd5 Nc5 15. Qd4 (15. Qc4 $16 Qb6 {[#]} 16. d6 $1 Bxd6 17. Bxf6 gxf6 18. b4) 15... Qb6 16. d6 Bd8 17. Ne5 Ncd7 18. Qd2 Nxe5 19. Rxe5 Nd7 20. Be3 Qc6 21. Re4 Bf6 22. Rg4 Ne5 $14 (22... Bxc3 $11 23. bxc3 b6) 23. Rb4 Nc4 24. Qd3 Nxe3 25. Qxe3 Red8 26. Ne4 Be5 27. Qd3 f5 28. Qb3 Re8 29. Ng5 Bxd6 30. Rxb7 Bf4 31. Nf3 Rab8 32. Rb4 Bd6 33. Rxb8 Bxb8 34. g3 Kf8 35. Qb4+ Kg8 36. Nd4 Qd5 37. Re1 f4 38. Rxe6 Rc8 39. Re1 fxg3 40. hxg3 Be5 41. Nf5 Bf6 42. Qg4 Rd8 43. b3 Qd2 44. Qc4+ Kh8 45. Qe6 h6 46. a4 Rb8 47. Re3 Rf8 48. Kg2 Bd4 49. Rf3 Bb6 50. Nxh6 Qxf2+ 51. Rxf2 Rxf2+ 52. Kh3 gxh6 53. a5 Bxa5 54. Qe5+ 1-0

[Event "44th BAN-ch OMICON 2018"]
[Site "Dhaka"]
[Date "2018.12.01"]
[Round "8"]
[White "Mohammad Minhaz Uddin"]
[Black "Islam, Kh. Aminul"]
[Result "1/2-1/2"]
[ECO "C77"]
[WhiteElo "2290"]
[BlackElo "2253"]
[Annotator "NA"]
[PlyCount "27"]
[EventDate "2018.11.24"]
[EventType "swiss"]
[EventCountry "BAN"]
[SourceTitle "playchess.com"]
[Source "ChessBase"]
[SourceQuality "1"]
[TimeControl "40/5400+30:1800+30"]

1. e4 e5 2. Nf3 Nc6 3. Bb5 a6 4. Ba4 Nf6 5. Bxc6 dxc6 6. d3 Nd7 7. Nbd2 f6 8. Nf1 Qe7 9. Ng3 Nc5 10. Be3 Bg4 11. h3 Bxf3 12. Qxf3 Ne6 13. O-O-O O-O-O 14. Ne2 $11 1/2-1/2

[Event "44th BAN-ch OMICON 2018"]
[Site "Dhaka"]
[Date "2018.12.01"]
[Round "8"]
[White "Chatterjee, Debaraj"]
[Black "Anata, Choudhury"]
[Result "0-1"]
[ECO "D78"]
[WhiteElo "2277"]
[BlackElo "2141"]
[Annotator "NA"]
[PlyCount "100"]
[EventDate "2018.11.24"]
[EventType "swiss"]
[EventCountry "BAN"]
[SourceTitle "playchess.com"]
[Source "ChessBase"]
[SourceQuality "1"]
[TimeControl "40/5400+30:1800+30"]

1. Nf3 Nf6 2. g3 d5 3. Bg2 g6 4. O-O Bg7 5. c4 c6 6. d4 O-O 7. Nc3 Ne4 8. Qb3 Qa5 $146 {[%emt 0:02:42] D78: Fianchetto Grünfeld: 6 0-0 c6} ({Predecessor:} 8... Nxc3 9. bxc3 dxc4 10. Qxc4 Nd7 11. a4 e5 12. a5 exd4 13. cxd4 Nf6 14. a6 Qd5 15. axb7 Bxb7 16. Ne5 Qxc4 17. Nxc4 Nd5 18. e3 Rfc8 {1-0 (45) Svidler,P (2739)-Slugin,S (2369) St Petersburg 2015}) 9. cxd5 Nxc3 10. bxc3 cxd5 11. Bd2 Nc6 12. c4 dxc4 13. Qxc4 Qd8 14. Bc3 (14. d5 $5 Na5 15. Qh4 $11) 14... Be6 15. Qd3 f5 (15... Rc8 $11 {keeps the balance.}) 16. Ng5 Bd5 17. Qb5 e6 18. Bxd5 Qxd5 19. Qxd5 exd5 20. Ne6 Rf7 21. Nxg7 Rxg7 22. Rfc1 Re7 23. e3 Kf7 24. Bd2 Ke6 25. Rc5 Rc8 26. Rac1 Rec7 27. Kg2 b6 28. R5c2 Kd7 $1 29. h4 Nd8 $1 30. Rxc7+ Rxc7 31. Rxc7+ Kxc7 32. Kf3 Ne6 33. Ke2 Kc6 34. Kd3 Nc7 35. f3 Ne8 36. Bb4 Nf6 37. Be7 Nh5 38. g4 fxg4 39. fxg4 Ng3 40. Bb4 Kb5 41. Be1 Ne4 42. Ke2 h6 43. Kf3 g5 44. hxg5 hxg5 45. Ke2 Ka4 46. Kd3 Ka3 47. Kc2 Kxa2 48. Bb4 a5 49. Be7 b5 50. Bd8 b4 0-1

[Event "44th BAN-ch OMICON 2018"]
[Site "Dhaka"]
[Date "2018.12.01"]
[Round "8"]
[White "Abu Sufian, Shakil"]
[Black "Subrota, Biswas"]
[Result "1-0"]
[ECO "C69"]
[WhiteElo "2230"]
[BlackElo "2126"]
[Annotator "NA"]
[PlyCount "139"]
[EventDate "2018.11.24"]
[EventType "swiss"]
[EventCountry "BAN"]
[SourceTitle "playchess.com"]
[Source "ChessBase"]
[SourceQuality "1"]
[TimeControl "40/5400+30:1800+30"]

1. e4 e5 2. Nf3 Nc6 3. Bb5 a6 4. Bxc6 dxc6 5. O-O f6 6. d4 exd4 7. Nxd4 c5 8. Ne2 Qxd1 9. Rxd1 Bd7 10. Nbc3 {[%emt 0:00:08] C69: Ruy Lopez: Exchange Variation with 5 0-0 f6} Ne7 (10... O-O-O 11. Be3 b6 12. a4 Re8 13. Rd2 Bc6 14. Rad1 Be7 15. a5 b5 16. Nf4 b4 17. Ncd5 Bd6 18. Nb6+ Kb8 19. Rxd6 cxd6 20. Rxd6 {1-0 (56) Naiditsch,A (2697)-Boruchovsky,A (2558) Jerusalem 2018}) 11. Be3 b6 12. Nf4 O-O-O 13. Rd2 Ng6 14. Nxg6 hxg6 15. Bf4 g5 16. Bg3 Bc6 $146 17. Rxd8+ Kxd8 18. Rd1+ Kc8 19. Nd5 Bxd5 20. Rxd5 {[%emt 0:00:18] ½-½ (34) Nikic,S (1691)-Zoebisch,H (2108) Graz 2012} c4 21. f3 Bc5+ 22. Kf1 Re8 23. Bf2 c6 24. Rd1 Bxf2 25. Kxf2 Re5 26. c3 Rb5 27. Rd2 Kc7 28. Ke3 Ra5 29. a3 Re5 30. f4 gxf4+ 31. Kxf4 b5 32. g3 a5 33. h4 Rc5 34. Ke3 Re5 35. g4 Re8 36. Kf4 Rh8 37. h5 Re8 38. Rh2 b4 $18 (38... Kd7 $16) 39. axb4 axb4 40. cxb4 Rb8 41. e5 fxe5+ 42. Kxe5 Rb5+ 43. Kf4 Rxb4 44. Kf5 Ra4 45. g5 Ra2 46. Rc2 c3 47. Rxc3 Rxb2 48. Kg6 Rh2 49. Rf3 c5 50. Rf7+ Kd8 51. Rxg7 c4 52. Rf7 c3 53. Rf3 c2 54. Rc3 Rd2 55. h6 Rd6+ 56. Kh5 Ke7 57. Rxc2 Rd1 58. Rf2 Rd6 59. h7 Rd1 60. Kg6 Rh1 61. Kg7 Rh5 62. g6 Ke6 63. h8=Q Rh7+ 64. gxh7 Ke5 65. Qe8+ Kd4 66. Rd2+ Kc3 67. Rd7 Kc2 68. Qc8+ Kb1 69. Rb7+ Ka1 70. Qa8# 1-0

[Event "44th BAN-ch OMICON 2018"]
[Site "Dhaka"]
[Date "2018.12.01"]
[Round "8"]
[White "Mehdi Hasan Parag"]
[Black "Rahman, Md. Taibur"]
[Result "1-0"]
[ECO "B29"]
[WhiteElo "2218"]
[BlackElo "2239"]
[Annotator "NA"]
[PlyCount "59"]
[EventDate "2018.11.24"]
[EventType "swiss"]
[EventCountry "BAN"]
[SourceTitle "playchess.com"]
[Source "ChessBase"]
[SourceQuality "1"]
[TimeControl "40/5400+30:1800+30"]

1. e4 c5 2. Nf3 Nf6 3. Nc3 d5 4. exd5 Nxd5 5. Bc4 e6 6. O-O Be7 7. Re1 Nc6 8. Ne4 O-O 9. d4 Nb6 10. Bd3 cxd4 11. Bb5 Nb4 12. a3 Qd5 13. axb4 Qxb5 14. Nxd4 Qxb4 15. c3 Qc4 16. b3 Qd5 17. c4 Qd8 18. Bb2 Nd7 $11 19. Qf3 Nc5 20. Red1 Qb6 21. Ng3 Rd8 22. Nh5 Bf8 23. Nb5 Bd7 24. Bxg7 e5 25. Bxe5 f5 26. Nf6+ Kf7 27. Qh5+ Ke6 28. Nc7+ Kxe5 29. Ng4+ Ke4 30. f3+ {[%emt 0:00:33] Kd5 [%clk 0:00:00]} 1-0

[Event "44th BAN-ch OMICON 2018"]
[Site "Dhaka"]
[Date "2018.12.01"]
[Round "8"]
[White "Md., Sharif Hossain"]
[Black "Ikramul, Haq Siam"]
[Result "1-0"]
[ECO "A20"]
[WhiteElo "2198"]
[BlackElo "2100"]
[Annotator "NA"]
[PlyCount "65"]
[EventDate "2018.11.24"]
[EventType "swiss"]
[EventCountry "BAN"]
[SourceTitle "playchess.com"]
[Source "ChessBase"]
[SourceQuality "1"]
[TimeControl "40/5400+30:1800+30"]

1. b3 e5 2. c4 Nf6 3. g3 Bc5 4. Bg2 O-O 5. Nc3 c6 6. e3 d5 7. Na4 Bd6 8. Ne2 Be6 9. Nb2 Nbd7 10. O-O a5 11. f4 $1 exf4 12. Nxf4 Bg4 13. Qc2 g5 14. Nfd3 Bh5 15. c5 Bc7 16. Na4 Bg6 17. Bb2 Be5 {[%emt 0:01:21] Pin} 18. Bd4 $1 Bxd4 19. exd4 Kg7 20. Rae1 Qc7 21. Bh3 Rae8 22. Bf5 Ne4 23. Bxd7 Qxd7 24. Ne5 Rxe5 25. dxe5 Nxg3 26. e6 Bxc2 27. exd7 Ne4 28. Re3 f5 $2 {[%emt 0:04:25] [#]} (28... Rd8 {was necessary.} 29. d3 Bxd3 30. Rxd3 Rxd7) 29. Rxf5 $1 Rd8 30. d3 Nf6 (30... Bxd3 $142 31. Rxd3 Rxd7) 31. Rxg5+ Kf7 32. Rf5 Bd1 33. h3 1-0

[Event "44th BAN-ch OMICON 2018"]
[Site "Dhaka"]
[Date "2018.12.01"]
[Round "8"]
[White "Jabed Al Azad"]
[Black "Md, Sariatullah"]
[Result "1-0"]
[ECO "A40"]
[WhiteElo "2008"]
[BlackElo "2027"]
[Annotator "NA"]
[PlyCount "58"]
[EventDate "2018.11.24"]
[EventType "swiss"]
[EventCountry "BAN"]
[SourceTitle "playchess.com"]
[Source "ChessBase"]
[SourceQuality "1"]
[TimeControl "40/5400+30:1800+30"]

1. e4 b6 2. d4 Bb7 3. Bd3 e6 4. c4 Nf6 5. Qe2 Nc6 6. Nf3 Nb4 7. Nc3 Nxd3+ 8. Qxd3 Bb4 9. Nd2 c5 10. d5 exd5 11. cxd5 d6 12. O-O O-O 13. a3 Bxc3 14. bxc3 Nd7 15. f4 f5 16. c4 Qf6 17. Rb1 fxe4 ({Black should try} 17... Qd4+ 18. Qxd4 cxd4) 18. Nxe4 Qf5 19. Bb2 Rf7 20. Qf3 Qg6 21. f5 Qh6 22. Bc1 g5 23. fxg6 Rxf3 24. Bxh6 Rxf1+ 25. Rxf1 hxg6 26. Nxd6 Ba6 27. Rf7 Ne5 28. Rg7+ Kh8 29. Re7 Ng4 1-0

[Event "44th BAN-ch OMICON 2018"]
[Site "Dhaka"]
[Date "2018.12.01"]
[Round "8"]
[White "Md. Jamal Uddin"]
[Black "Saiful Islam, Chowdhury"]
[Result "1-0"]
[ECO "A39"]
[WhiteElo "2001"]
[BlackElo "2110"]
[Annotator "NA"]
[PlyCount "137"]
[EventDate "2018.11.24"]
[EventType "swiss"]
[EventCountry "BAN"]
[SourceTitle "playchess.com"]
[Source "ChessBase"]
[SourceQuality "1"]
[TimeControl "40/5400+30:1800+30"]

1. Nf3 Nf6 2. g3 g6 3. Bg2 Bg7 4. c4 c5 5. O-O O-O 6. Nc3 Nc6 7. d4 cxd4 8. Nxd4 Ng4 9. e3 Nge5 10. Qe2 {[%emt 0:00:49] A39: Symmetrical English vs ...g6: 4 Bg2 Bg7 5 Nf3 Nf6 6 0-0 0-0 7 d4} (10. b3 d6 11. Bb2 Bg4 12. f3 Bd7 13. Qd2 a6 14. f4 Nxd4 15. exd4 Nc6 16. d5 Na5 17. Kh1 b5 18. cxb5 axb5 19. Ne2 Bxb2 20. Qxb2 b4 {1-0 (36) Meier,G (2663)-Fier,A (2625) Paris 2010}) 10... d6 11. h3 Bd7 12. Bd2 $146 ({Predecessor:} 12. Rd1 Qc8 13. Kh2 Nxd4 14. exd4 Nxc4 15. Qxe7 Re8 16. Qh4 Bc6 17. Ne4 Bxe4 18. Bxe4 {0-1 (29) Helms,S (2027)-Stutz,R (1997) Mecklenburg VP 2005}) 12... Nxd4 13. exd4 Nc6 14. Bg5 Re8 15. d5 Nd4 16. Qd3 $1 h6 17. Bxh6 Bf5 18. Qd2 Bh8 19. g4 Bc8 20. Be3 e5 21. dxe6 Nxe6 22. Rad1 Qa5 23. Qxd6 Bxc3 24. bxc3 Qxc3 25. c5 a5 26. c6 Ra6 27. Rc1 $18 ({Don't take} 27. cxb7 $6 Bxb7 28. Qd7 Bc6 $18) 27... Qb2 28. Rb1 Qxa2 29. Bb6 bxc6 30. Bxc6 Rf8 31. f4 Qc2 32. Bb5 Rxb6 33. Qxb6 Nxf4 34. Qc6 Nxh3+ 35. Kh1 Nf2+ 36. Kg2 Qxc6+ 37. Bxc6 Nxg4 38. Rfe1 Be6 39. Ra1 Rc8 40. Be4 Rc5 41. Bxg6 Rg5 42. Be4 Bb3 43. Kf3 Ne5+ 44. Kf4 Rh5 45. Bf5 Nc4 46. Kg4 Rh2 47. Bd3 Nb2 48. Bb5 a4 49. Re8+ Kg7 50. Rb8 Rd2 51. Kf4 Rd4+ 52. Ke5 Rd5+ 53. Ke4 Nd1 54. Be8 Nc3+ 55. Kf4 Nd1 56. Rb7 Rd4+ 57. Ke5 Rd5+ 58. Kf4 Rd8 59. Bd7 Kf6 60. Ke4 Nc3+ 61. Kd4 Ne2+ 62. Kc5 Nc3 63. Rf1+ Ke5 64. Re1+ Ne4+ 65. Kb4 Bc2 66. Bc6 f5 67. Rb5+ Kd4 68. Rxf5 Nd6 69. Rd5# {[%emt 0:00:00] Kxd5 [%clk 0:00:00]} 1-0

[Event "44th BAN-ch OMICON 2018"]
[Site "Dhaka"]
[Date "2018.12.01"]
[Round "8"]
[White "Zia, Tahsin Tajwar"]
[Black "Ahmed, Sk. Nasir"]
[Result "1/2-1/2"]
[ECO "D02"]
[WhiteElo "1803"]
[BlackElo "2119"]
[Annotator "NA"]
[PlyCount "86"]
[EventDate "2018.11.24"]
[EventType "swiss"]
[EventCountry "BAN"]
[SourceTitle "playchess.com"]
[Source "ChessBase"]
[SourceQuality "1"]
[TimeControl "40/5400+30:1800+30"]

1. Nf3 Nf6 2. d4 d5 3. Bf4 e6 4. e3 Bd6 5. Bg3 O-O 6. Nbd2 c5 {[%emt 0:00:07] D02: 1 d4 d5 2 Nf3 sidelines, including 2...Nf6 3 g3 and 2...Nf6 3 Bf4} (6... b6 7. c3 Ba6 8. Bxa6 Nxa6 9. Ne5 Nb8 10. f4 c5 11. Bh4 Be7 12. O-O Nfd7 13. Bxe7 Qxe7 14. Rf3 Nxe5 15. fxe5 {1-0 (29) Aronian,L (2767)-Giri,A (2782) chess.com INT 2018}) 7. c3 b6 8. Bd3 Ba6 9. Bxa6 Nxa6 10. Qe2 Nb8 11. e4 Be7 12. e5 $146 ({Predecessor:} 12. exd5 exd5 13. O-O Nc6 14. Ne5 Rc8 {0-1 (56) Travadon,L (2334)-Blohberger,F (2427) Riga 2018}) 12... Nfd7 13. h4 Nc6 14. a3 a5 15. h5 Rb8 16. Nf1 b5 17. Ne3 b4 18. h6 {[%emt 0:17:08] [#]} g6 $1 19. O-O bxc3 20. bxc3 {[%emt 0:00:14] [#]} a4 (20... Rb3 $1 $17 21. Rfc1 a4) 21. Rfd1 (21. Nxd5 $1 $11 exd5 22. e6) 21... c4 22. Nc2 Rb2 23. Bf4 Na7 $17 24. Rdb1 Qb6 25. Nd2 Rb8 26. Nb4 Rxb1+ 27. Nxb1 Nb5 28. Bc1 Ra8 29. Qb2 Nb8 30. g4 Nc6 31. Be3 f6 32. exf6 Bxf6 33. Qe2 Nd8 34. g5 Be7 35. Bf4 Ra7 36. Ra2 Bf8 37. Be5 Rf7 38. Bf6 Qd6 39. Be5 Qd7 40. f4 Rf5 41. Nc2 Rf7 42. Ne3 Nd6 43. Nd2 Nb5 1/2-1/2

[Event "44th BAN-ch OMICON 2018"]
[Site "Dhaka"]
[Date "2018.12.02"]
[Round "9"]
[White "Ikramul, Haq Siam"]
[Black "Ghosh, Chanchal Kumer"]
[Result "*"]
[ECO "B07"]
[WhiteElo "2100"]
[BlackElo "2069"]
[Annotator "NA RC"]
[PlyCount "43"]
[EventDate "2018.11.24"]
[EventType "swiss"]
[EventCountry "BAN"]
[SourceTitle "playchess.com"]
[Source "ChessBase"]
[SourceQuality "1"]
[TimeControl "40/5400+30:1800+30"]

1. d4 Nf6 2. Bg5 d6 3. Nc3 c6 4. e4 Qa5 5. Qd2 {[%emt 0:00:30] LiveBook: 15 Games} b5 {[%emt 0:00:30] B07: Pirc Defence: Miscellaneous Systems} 6. Bd3 Nbd7 7. Nf3 h6 {[%emt 0:00:30] Bh4Bb7 [%clk 0:00:00]} 8. O-O $2 $146 (8. Bxf6 $14 {stays ahead.} exf6 9. O-O) ({Predecessor:} 8. Bh4 g5 9. Bg3 Nh5 10. O-O Bg7 11. Ne2 Qxd2 12. Nxd2 e5 13. c3 Nf4 14. Bxf4 gxf4 {1-0 (22) Evora Brondo,J (1949)-Camacho Hernandez,F (1819) Tenerife 2017}) 8... hxg5 {[%emt 0:00:30] Bg3 [%clk 0:00:00] Nh5 [%clk 0:00:00]} 9. Rfe1 {[%emt 0:00:30] Nxg3 [%clk 0:00:00] hxg3 [%clk 0:00:00]} e5 10. dxe5 dxe5 11. a4 b4 {[%emt 0:00:30] Nd1Bc5 [%clk 0:00:00]} 12. Qe3 Qc5 13. Bc4 {[%emt 0:00:30] Kg7 [%clk 0:00:00]} (13. Nd1 $142) 13... Qe7 $19 (13... Qxc4 $142 14. Nd1 Qxc2) 14. h4 g4 15. a5 bxc3 16. bxc3 {[%emt 0:00:30] Rxc3 [%clk 0:00:00]} Ba6 17. g3 c5 18. Kh2 Qd8 {[%emt 0:00:30] Qf3 [%clk 0:00:00]} 19. Qd4 Bb5 20. Kg2 Bc6 21. Qd2 Bd5 22. Kf1 *

[Event "44th BAN-ch OMICON 2018"]
[Site "Dhaka"]
[Date "2018.12.02"]
[Round "9"]
[White "Jabed Al Azad"]
[Black "Nayem, Haque"]
[Result "*"]
[ECO "C10"]
[WhiteElo "2008"]
[BlackElo "2074"]
[Annotator "NA"]
[PlyCount "57"]
[EventDate "2018.11.24"]
[EventType "swiss"]
[EventCountry "BAN"]
[SourceTitle "playchess.com"]
[Source "ChessBase"]
[SourceQuality "1"]
[TimeControl "40/5400+30:1800+30"]

1. e4 e6 2. d4 d5 3. Nc3 dxe4 4. Nxe4 Nf6 5. Nxf6+ gxf6 6. Nf3 c5 {[%emt 0:03:58] LiveBook: 4 Games} 7. c3 {[%emt 0:01:55] C10: French with 3 Nc3: Unusual Black 3rd moves and 3...dxe4} Nc6 8. Be3 cxd4 9. Nxd4 Nxd4 10. Qxd4 Qxd4 11. Bxd4 e5 12. Be3 $146 ({Predecessor:} 12. Bb5+) 12... Bd7 13. O-O-O Bc6 14. Rg1 h5 15. Bc4 Bh6 16. Bxh6 Rxh6 17. Bd5 Ke7 18. Bxc6 bxc6 19. Rd3 Rd8 20. Rxd8 Kxd8 21. Kd2 Rg6 22. Ke3 Ke7 23. g3 Rg8 24. Rd1 h4 $11 25. Rd2 Ke6 26. c4 hxg3 27. hxg3 Rb8 28. b3 Ke7 29. Ke4 *